 Dungeon Crawl Stone Soup version 0.31.0-32-g396128a36d (webtiles) character file.

Game seed: 2335186878009943433

587772 imdaedric the Conqueror (level 26, 0/212 HPs)
             Began as a Minotaur Fighter on Apr 20, 2024.
             Was an Initiate of Gozag.
             Killed from afar by a starcursed mass (8 damage)
             ... with an accursed screaming
             ... on level 3 of the Abyss on Apr 21, 2024.
             The game lasted 03:12:01 (77657 turns).

imdaedric the Conqueror (Minotaur Fighter)         Turns: 77657, Time: 03:12:01

Health: 0/212      AC: 53    Str: 36    XL:     26   Next: 12%
Magic:  0/35       EV: 10    Int: 11    God:    Gozag
Gold:   4002       SH: 39    Dex: 12    Spells: 44/44 levels left

rFire   + . .        b - +18 lance "Wyrmbane" {slay drac, rPois rF+ rC+ AC+3}
rCold   + + +        F - +18 shield of the Gong {Loud rN+ Will+ rCorr EV-5}
rNeg    + + .        A - +10 plate armour "Itroybof" {Will+ Str+3 Int+2}
rPois   +            h - +2 hat
rElec   +            Z - +0 cloak of Iwnyits {rF+ rC+ rN+ Int+2}
rCorr   +            w - +2 pair of gloves {infuse}
SInv    .            R - +2 pair of boots
Will    ++++.        M - amulet "Gasmounu" {Reflect rElec Int+2 SH+5} Stlth
                     u - +4 ring of slaying
HPRegen 0.00/turn    m - +6 ring of strength
MPRegen 0.24/turn

%: reflection
@: mighty, brilliant, resistant, on berserk cooldown, sick, enlightened,
inhibited regen, hasted, glowing, studying 3 skills, very quick
A: horns 2, retaliatory headbutt, iridescent scales 3, sense surroundings 1,
[deterioration 2], [frail 2], [inhibited regeneration], [weak 2], [heat
vulnerability 2]
}: 3/15 runes: serpentine, barnacled, silver
a: Renounce Religion, Potion Petition, Call Merchant, Bribe Branch


You were on level 3 of the Abyss.
You worshipped Gozag.
Gozag was most pleased with you.
You visited 10 branches of the dungeon, and saw 46 of its levels.
You visited the Abyss 5 times.
You visited 1 ziggurat, and saw 8 of its levels.
You also visited: Trove and Ice Cave.

You collected 32177 gold pieces.
You spent 11292 gold pieces at shops.
You paid 16883 gold pieces to Gozag.

Inventory:

Hand Weapons
 b - the +18 lance "Wyrmbane" (weapon) {slay drac, rPois rF+ rC+ AC+3}
   (You bought it in a shop on level 2 of the Orcish Mines)

   AC+3:      It affects your AC (+3).
   rF+:       It protects you from fire.
   rC+:       It protects you from cold.
   rPois:     It protects you from poison
 n - the +7 arbalest "Zopoa" {antimagic, Fly}
   (You found it on level 3 of the Vaults)

   Fly:       It grants you flight.
 q - a +9 bardiche of draining
 T - a +9 demon trident of freezing
Missiles
 l - 15 throwing nets
 E - 7 javelins (quivered)
 K - 14 silver javelins
 X - 50 boomerangs
Armour
 h - a +2 hat (worn)
 w - a +2 pair of gloves of infusion (worn)
 A - the +10 plate armour "Itroybof" (worn) {Will+ Str+3 Int+2}
   (You bought it in a shop on level 4 of the Snake Pit)

   Str+3:     It affects your strength (+3).
   Int+2:     It affects your intelligence (+2).
   Will+:     It increases your willpower.
 F - the +18 shield of the Gong (worn) {Loud rN+ Will+ rCorr EV-5}
   (You bought it in a shop on level 4 of the Snake Pit)

   Loud:      It is deafeningly noisy when blocking attacks.
   EV-5:      It affects your evasion (-5).
   rN+:       It protects you from negative energy.
   Will+:     It increases your willpower.
   rCorr:     It protects you from acid and corrosion.
 R - a +2 pair of boots (worn)
 Z - the +0 cloak of Iwnyits (worn) {rF+ rC+ rN+ Int+2}
   (You bought it in a shop on level 1 of the Snake Pit)

   Int+2:     It affects your intelligence (+2).
   rF+:       It protects you from fire.
   rC+:       It protects you from cold.
   rN+:       It protects you from negative energy.
Jewellery
 m - a +6 ring of strength (right hand)
 u - a +4 ring of slaying (left hand)
 M - the amulet "Gasmounu" (around neck) {Reflect rElec Int+2 SH+5}
   (You took it off a deep elf annihilator on level 3 of the Elven Halls)

   [amulet of reflection]

   Reflect:   It reflects blocked missile attacks.
   Int+2:     It affects your intelligence (+2).
   rElec:     It insulates you from electricity.
   SH+5:      It affects your SH (+5).
Scrolls
 e - 10 scrolls of poison
 f - 4 scrolls of revelation
 i - 4 scrolls of fog
 k - 22 scrolls of teleportation
 y - 3 scrolls of fear
 z - 2 scrolls of enchant armour
 H - a scroll of silence
Potions
 a - a potion of magic
 c - 4 potions of lignification
 g - 18 potions of curing
 o - a potion of attraction
 p - 5 potions of haste
 r - 4 potions of berserk rage
 s - 3 potions of ambrosia
 t - a potion of cancellation
 x - a potion of invisibility
 D - 10 potions of enlightenment
 I - 11 potions of mutation
 J - 5 potions of resistance
 N - 7 potions of brilliance
 O - 3 potions of might
Miscellaneous
 d - a phantom mirror
 C - a tin of tremorstones (2/2)
 G - a lightning rod (4/4)
 L - a box of beasts (inert)


   Skills:
 O Level 27 Fighting
 - Level 4.4(9.9) Axes
 - Level 13.7(14.0) Polearms
 - Level 16.8 Throwing
 O Level 27 Armour
 + Level 15.8 Dodging
 + Level 24.5 Shields
 + Level 9.5 Spellcasting
 * Level 10.5 Evocations
 - Level 9.3 Shapeshifting


You had 44 spell levels left.
You didn't know any spells.
Your spell library contained the following spells:

 Spells                   Type           Power      Damage    Failure   Level
 Apportation              Tloc           14%        N/A       32%         1
 Foxfire                  Conj/Fire      28%        2x1d5     32%         1
 Freeze                   Ice            28%        1d5       32%         1
 Kiss of Death            Conj/Necr      28%        2d7       32%         1
 Magic Dart               Conj           28%        1d4       32%         1
 Sandblast                Erth           14%        2d6       32%         1
 Slow                     Hex            28%        N/A       32%         1
 Sting                    Conj/Alch      28%        1d4       32%         1
 Summon Small Mammal      Summ           28%        N/A       32%         1
 Blink                    Tloc           14%        N/A       45%         2
 Call Imp                 Summ           14%        N/A       45%         2
 Cigotuvi's Dreadful Rot  Necr/Alch/Air  14%        N/A       45%         2
 Ensorcelled Hibernation  Hex/Ice        14%        N/A       45%         2
 Jinxbite                 Hex            14%        N/A       45%         2
 Lesser Beckoning         Tloc           14%        N/A       45%         2
 Mercury Vapours          Alch/Air       14%        N/A       45%         2
 Momentum Strike          Conj/Tloc      14%        3d8       45%         2
 Static Discharge         Conj/Air       14%        3-4/arc   45%         2
 Call Canine Familiar     Summ           7%         N/A       69%         3
 Confusing Touch          Hex            7%         N/A       69%         3
 Dazzling Flash           Conj/Hex       14%        N/A       69%         3
 Frozen Ramparts          Ice            14%        1d3       69%         3
 Gell's Gravitas          Tloc           7%         N/A       69%         3
 Hailstorm                Conj/Ice       7%         3d5       69%         3
 Inner Flame              Hex/Fire       7%         N/A       69%         3
 Mephitic Cloud           Conj/Alch/Air  7%         N/A       69%         3
 Passwall                 Erth           7%         N/A       69%         3
 Sigil of Binding         Hex            7%         N/A       69%         3
 Stone Arrow              Conj/Erth      14%        3d7       69%         3
 Summon Ice Beast         Ice/Summ       7%         N/A       69%         3
 Teleport Other           Tloc           7%         N/A       69%         3
 Tukima's Dance           Hex            7%         N/A       69%         3
 Vampiric Draining        Necr           7%         2d6       69%         3
 Animate Armour           Summ/Erth      14%        N/A       97%         4
 Brom's Barrelling Bould  Conj/Erth      7%         2d3       97%         4
 Dimensional Bullseye     Hex/Tloc       3%         N/A       97%         4
 Dispel Undead            Necr           7%         3d8       97%         4
 Flame Wave               Conj/Fire      7%         2d5       97%         4
 Fulminant Prism          Conj/Alch      3%         3d5       97%         4
 Ignite Poison            Fire/Alch      7%         N/A       97%         4
 Leda's Liquefaction      Alch/Erth      3%         N/A       97%         4
 Martyr's Knell           Necr/Summ      7%         N/A       97%         4
 Olgreb's Toxic Radiance  Alch           7%         N/A       97%         4
 Passage of Golubria      Tloc           7%         N/A       97%         4
 Petrify                  Alch/Erth      7%         N/A       97%         4
 Sticky Flame             Fire/Alch      7%         2d4       97%         4
 Summon Blazeheart Golem  Fire/Summ      7%         N/A       97%         4
 Summon Lightning Spire   Summ/Air       7%         N/A       97%         4
 Vhi's Electric Charge    Tloc/Air       14%        N/A       97%         4
 Alistair's Intoxication  Alch           4%         N/A       100%        5
 Arcjolt                  Conj/Air       3%         1d13      100%        5
 Borgnjor's Vile Clutch   Necr/Erth      3%         N/A       100%        5
 Curse of Agony           Necr           7%         N/A       100%        5
 Fireball                 Conj/Fire      3%         3d4       100%        5
 Freezing Cloud           Conj/Ice/Air   3%         6-21      100%        5
 Irradiate                Conj/Alch      3%         3d12      100%        5
 Iskenderun's Battlesphe  Conj           7%         2d6       100%        5
 Lee's Rapid Deconstruct  Erth           3%         3d5*      100%        5
 Metabolic Englaciation   Hex/Ice        3%         N/A       100%        5
 Silence                  Hex/Air        3%         N/A       100%        5
 Summon Mana Viper        Hex/Summ       7%         N/A       100%        5
 Yara's Violent Unravell  Hex/Alch       3%         3d4       100%        5
 Bombard                  Conj/Erth      3%         9d1       100%        6
 Conjure Ball Lightning   Conj/Air       3%         3x3d6     100%        6
 Death Channel            Necr           3%         N/A       100%        6
 Dispersal                Tloc           3%         N/A       100%        6
 Plasma Beam              Fire/Air       3%         2x1d13    100%        6
 Sculpt Simulacrum        Ice/Alch       3%         N/A       100%        6
 Enfeeble                 Hex            3%         N/A       100%        7
 Haunt                    Necr/Summ      3%         N/A       100%        7
 Monstrous Menagerie      Summ           3%         N/A       100%        7
 Orb of Destruction       Conj           3%         9d5       100%        7
 Spellforged Servitor     Conj/Summ      3%         N/A       100%        7
 Borgnjor's Revivificati  Necr           3%         N/A       100%        8
 Discord                  Hex            3%         N/A       100%        8
 Ignition                 Fire           3%         3d4       100%        8
 Infestation              Necr           3%         N/A       100%        8
 Chain Lightning          Conj/Air       3%         3d4       100%        9
 Death's Door             Necr           3%         N/A       100%        9
 Fire Storm               Conj/Fire      3%         8d1       100%        9
 Shatter                  Erth           3%         3d7*      100%        9
 Animate Dead             Necr           Unusable   N/A       N/A         4

Dungeon Overview and Level Annotations

Branches:
Dungeon (15/15)            Temple (1/1) D:6            Lair (5/5) D:9
 Shoals (4/4) Lair:3        Snake (4/4) Lair:2        Slime (0/5) Lair:5
    Orc (2/2) D:9             Elf (3/3) Orc:2        Vaults (5/5) D:13
  Crypt (3/3) Vaults:2       Tomb (0/3) Crypt:3      Depths (4/4) D:15
    Zot (0/5) Depths:4      IceCv (visited)

Altars:
Ashenzari
Cheibriados
Dithmenos
Elyvilon
Fedhas
Gozag
Hepliaklqana
Kikubaaqudgha
Makhleb
Nemelex Xobeh
Okawaru
Qazlal
Ru
Sif Muna
Trog
Uskayaw
Vehumet
Wu Jian
Xom
Yredelemnul
Zin
The Shining One
Jiyva
Lugonu

Shops:
D:7 (   D:11 *(   D:13 ?   Orc:2 [*:!   Elf:1 :*?   Elf:3 ?   Shoals:1 !:*?!
Snake:1 [   Snake:2 !=   Snake:4 =[([   Vaults:4 (   Vaults:5 :   Depths:3 [=:=
Depths:4 *[

Portals:
Hell: Depths:1 Depths:2 Depths:3 Depths:4
Abyss: Depths:1 Depths:2 Depths:3
Pandemonium: Orc:2 Depths:2 Depths:3

Annotations:
D:9 2 runed translucent doors
D:10 1 runed translucent door
D:11 2 transporters, jimmypageman's ghost, journeyman MiFi
Elf:2 3 runed translucent doors
Elf:3 3 runed translucent doors
Vaults:1 2 transporters, exclusion: orange crystal statue
Vaults:4 Bai Suzhen
Depths:2 2 transporters


Innate Abilities, Weirdness & Mutations

You have a pair of horns on your head.
You reflexively headbutt those who attack you in melee.
You are completely covered in iridescent scales. (AC +6)
You passively map a small area around you.
[Your body often deteriorates upon taking damage.]
[You are very frail. (-20% HP)]
[You do not regenerate when monsters are visible.]
[You are very weak. (Str -4)]
[You are very vulnerable to heat. (rF--)]


Message History

You resist with almost no effort.
Your juvenile stingweird beast appears confused.
Your juvenile stingweird beast hits the starcursed mass.
The starcursed mass shudders and is absorbed by its neighbour.
Reach: b) +18 lance "Wyrmbane" {slay drac, rPois rF+ rC+ AC+3}
Press: ? - help, Dir - move target, f/p - wretched star
Aim: a wretched star (almost destroyed, summoned, haloed, about 10% to evade the +18 lance "Wyrmbane")
The small abomination is in the way.
You impale the small abomination!!
You destroy the small abomination!
The small abomination dissolves into shadows!
The wretched star pulses with an eldritch light!
You feel frail. x2
Your juvenile stingweird beast twists and deforms.
Reach: b) +18 lance "Wyrmbane" {slay drac, rPois rF+ rC+ AC+3}
Press: ? - help, Dir - move target, f/p - wretched star
Aim: a wretched star (almost destroyed, summoned, haloed, about 10% to evade the +18 lance "Wyrmbane")
You reach to attack!
You impale the wretched star!!
You destroy the wretched star!
The wretched star dissolves into shadows!
The tentacled starspawn is no longer distracted by gold.
Tentacles burst from the starspawn's body!
You feel ill. 2 starspawn tentacles come into view.
Reach: b) +18 lance "Wyrmbane" {slay drac, rPois rF+ rC+ AC+3}
Press: ? - help, Dir - move target, f - orange crystal statue
Aim: an orange crystal statue (haloed, about 3% to evade the +18 lance "Wyrmbane")
You reach to attack!
You impale the orange crystal statue!!
The orange crystal statue is moderately damaged.
A lurking horror comes into view.
Reach: b) +18 lance "Wyrmbane" {slay drac, rPois rF+ rC+ AC+3}
Press: ? - help, Dir - move target, f/p - orange crystal statue
Aim: an orange crystal statue (moderately damaged, haloed, about 3% to evade the +18 lance "Wyrmbane")
You reach to attack!
You puncture the orange crystal statue!
The orange crystal statue is heavily damaged.
The daeva calls down the wrath of the Shining One upon you.
The Shining One smites you!
* * * LOW HITPOINT WARNING * * *
A chorus of shrieks assaults your mind.
You die...
Your body crumbles into a pile of gold.

#.#φ#†# ..
#...#...# #.
##..#.#.⌠##.## #.
##.........#[)#
#≈≈.....≈≈##$# .
#8≈.⌠..†≈8#2$. #
≈†..⌠†≈≈## #
...A..$@##
##...HX.⌠### .
###⌠xwww##X#☼ .
#.##⌠XX##x#R☼...#
##...$X##X#.$##
...#.#w#$##..# .
# ###w$x# ... ##
* # ... .x$. ..


You could see 2 starcursed masses, a daeva (summoned), 3 tentacled starspawn, a
green death, an orange crystal statue, an ancient zyme, a large abomination, an
efreet, 2 small abominations, 3 starspawn tentacles, a brain worm, a lurking
horror and a friendly juvenile stingweird beast (summoned, confused, misshapen,
sick).

Vanquished Creatures
  Frederick (Crypt:1)
  3 ancient liches
  Mara (Snake:3)
  2 juggernauts
  A royal mummy (Zig:8)
  Sojobo (Vaults:2)
  Boris (Vaults:5)
  Saint Roka (Vaults:1)
  5 golden dragons
  3 bone dragons
  Nikola (Elf:1)
  2 profane servitors
  Norris (Elf:2)
  2 doom hounds (Crypt:2)
  9 tentacled monstrosities
  A Hell Sentinel (Abyss:3)
  3 hellephants
  2 titans
  6 liches
  2 deep elf blademasters (Elf:3)
  2 deep elf master archers (Elf:3)
  Grunn (Crypt:2)
  8 sphinxes
  Asterion (Depths:2)
  2 Executioners
  3 quicksilver dragons
  The ghost of drollins the Phalangite, an adept MiBe of Trog (Snake:4)
  Gastronok (D:9)
  4 ancient champions
  15 tentacled starspawn (Abyss:3)
  2 krakens
  The ghost of Hihelu the Executioner, an adept MiBe of Trog (Elf:3)
  Frances (Snake:1)
  Kirke (D:15)
  Polyphemus (Shoals:1)
  A storm dragon (Depths:4)
  A thorn hunter (Zig:4)
  7 nagarajas
  3 revenants
  Agnes (Elf:1)
  6 shadow dragons
  A draconian monk (Depths:4)
  Aizul (Snake:3)
  6 tengu reavers
  Ilsuiw (Shoals:2)
  2 narguns (Zig:5)
  A daeva (Abyss:3)
  A draconian scorcher (Abyss:3)
  14 fire giants
  2 balrugs (Abyss:3)
  11 vault wardens
  10 frost giants
  An orc warlord (Vaults:3)
  5 deep elf sorcerers
  4 deep elf elementalists
  An angel (Depths:2)
  5 ghouls
  3 spriggan defenders
  A cacodemon (Abyss:3)
  2 formless jellyfish
  21 very ugly things
  23 ironbound preservers
  2 reapers
  An ophan (Abyss:3)
  4 green draconians
  15 stone giants
  9 ironbound thunderhulks
  4 vampire knights
  14 deep elf death magi
  3 dire elephants (Vaults:1)
  11 deep elf demonologists
  2 black draconians (Abyss:3)
  2 war gargoyles
  A wendigo (Zig:5)
  7 deep elf annihilators
  Azrael (Snake:2)
  A bunyip (Zig:7)
  2 purple draconians (Depths:4)
  2 white draconians
  2 red draconians
  17 spark wasps
  An eidolon (Crypt:1)
  An acid blob zombie (Crypt:1)
  3 mummy priests (Zig:8)
  A crystal guardian (Vaults:3)
  8 merfolk impalers
  2 quicksilver dragon zombies (Abyss:3)
  3 merfolk javelineers (Shoals:4)
  2 shambling mangroves
  22 jiangshi
  2 green deaths
  9 ettins
  A spriggan zombie (Abyss:3)
  11 fire dragons
  16 yaktaur captains
  2 deep elf high priests (Elf:3)
  Harold (D:11)
  3 peacekeepers
  7 salamander tyrants
  3 ogre magi
  9 ice dragons
  14 rakshasas
  5 great orbs of eyes
  19 vault guards
  A spriggan skeleton (Abyss:3)
  A fenstrider witch zombie (Crypt:1)
  4 hydras
  3 demonspawn (Orc:2)
  A ghost crab (Zig:4)
  2 alligators
  2 catoblepae
  16 centaur warriors
  5 death knights
  4 spriggan air magi
  6 two-headed ogres
  3 merfolk avatars
  5 boulder beetles
  7 ironbound frosthearts
  9 anacondas
  18 dancing weapons
  4 deep troll shamans
  3 orc high priests (Orc:2)
  7 merfolk aquamancers (Shoals:4)
  8 naga warriors
  2 satyrs (Shoals:3)
  7 tengu warriors
  4 death yaks
  9 deep troll earth magi
  3 hell hogs (Depths:1)
  An occultist (Depths:1)
  A demonic crawler (Abyss:3)
  10 shock serpents
  10 vampire magi
  8 thrashing horrors
  A quicksilver ooze zombie (Crypt:2)
  15 naga sharpshooters
  3 sun demons
  3 hell knights (Vaults:5)
  4 spriggan berserkers
  13 deep elf knights
  3 soul eaters
  3 iron trolls
  10 skysharks
  16 wretched stars
  A fire crab (shapeshifter) (D:15)
  Nergalle (Orc:1)
  6 sixfirhies
  A storm dragon skeleton (Zig:8)
  5 sea snakes
  A goliath frog (Zig:7)
  Lodul (D:13)
  A death drake (shapeshifter) (Elf:1)
  2 cherubim (Elf:2)
  9 glowing orange brains
  4 salamander mystics
  22 skeletal warriors
  13 mana vipers
  3 shadow wraiths
  5 naga ritualists
  75 deep trolls
  10 flayed ghosts
  2 spatial maelstroms
  11 deep elf archers
  13 phantasmal warriors
  31 deep elf pyromancers
  A steelbarb worm (shapeshifter) (Vaults:5)
  A spriggan druid (Zig:7)
  3 arcanists
  A bog body (Crypt:1)
  12 ironbound convokers
  Pikel (D:7)
  2 iron giant skeletons
  A swamp dragon (Zig:4)
  An anaconda skeleton (Abyss:3)
  13 orc knights
  6 harpies (Shoals:4)
  An iron dragon zombie (Zig:8)
  40 deep elf zephyrmancers
  17 lindwurms
  10 necromancers
  A wolf spider zombie (Crypt:1)
  6 cyclopes
  21 ugly things
  11 orc sorcerers
  Maurice (D:9)
  17 salamanders
  A spectral ice dragon (Crypt:3)
  A manticore (shapeshifter) (Depths:3)
  20 manticores
  19 fauns
  A will-o-the-wisp (Zig:4)
  8 elephants
  24 large abominations
  3 kobold blastminers (Orc:2)
  9 worldbinders
  3 meliai (D:14)
  51 black mambas
  3 orange demons
  2 rust devils (Abyss:3)
  7 guardian serpents
  8 merfolk sirens
  An ice statue (IceCv)
  14 naga magi
  12 cane toads
  6 water nymphs
  An apocalypse crab (Abyss:3)
  2 molten gargoyles (Lair:5)
  An unseen horror (Abyss:3)
  19 smoke demons
  A centaur skeleton (Crypt:2)
  11 vault sentinels
  3 gargoyles
  A titan simulacrum (Crypt:3)
  2 cane toads (shapeshifter)
  3 torpor snails
  A rime drake (shapeshifter) (Elf:1)
  8 freezing wraiths
  11 komodo dragons
  18 ice devils
  23 yaktaurs
  A kobold demonologist (D:13)
  5 rime drakes
  An orb spider zombie (Crypt:2)
  3 tengu conjurers
  15 ancient zymes (Abyss:3)
  Psyche (D:8)
  4 guardian mummies (Zig:8)
  2 tormentors (Abyss:3)
  6 efreet
  5 trolls
  A moth of wrath zombie (Crypt:1)
  3 red devils
  2 wind drakes (shapeshifter)
  A queen bee (shapeshifter) (Abyss:3)
  A tyrant leech (Lair:1)
  8 hellwings
  2 polar bears
  8 wind drakes
  27 raiju
  26 merfolk
  An ettin zombie (Vaults:5)
  5 hornets
  An iron dragon simulacrum (Abyss:3)
  A satyr zombie (Crypt:1)
  2 harpy skeletons
  26 slime creatures
  A hydra skeleton (Crypt:2)
  A radroach zombie (Crypt:2)
  9 dream sheep
  A slime creature (shapeshifter) (Depths:3)
  27 blink frogs
  4 snapping turtles
  Sigmund (D:2)
  3 shadows (Crypt:3)
  A fire dragon skeleton (Crypt:2)
  11 wraiths
  11 air elementals
  A centaur simulacrum (Crypt:3)
  A satyr skeleton (Crypt:2)
  10 ynoxinuls
  2 dire elephant simulacra (IceCv)
  An ushabti (Zig:8)
  4 spriggans (Depths:2)
  9 wyverns
  6 fire bats (Abyss:3)
  18 water elementals
  9 fire elementals
  A steam dragon (shapeshifter) (Elf:3)
  38 yaks
  4 vampires
  5 hogs (D:15)
  2 humans (D:13)
  11 basilisks
  6 neqoxecs
  80 starcursed masses (Abyss:3)
  2 golden eyes (Abyss:3)
  2 wargs
  3 steam dragons
  Menkaure (D:7)
  5 death yak simulacra (IceCv)
  A naga zombie (Crypt:2)
  7 vampire mosquitoes (D:13)
  A harpy simulacrum (IceCv)
  2 swamp worms (Lair:1)
  3 spatial vortices (Abyss:3)
  11 chaos spawn
  40 nagas
  6 acid dragons
  A demonspawn zombie (Crypt:2)
  An entropy weaver zombie (Crypt:2)
  17 water moccasins
  2 hydra simulacra (IceCv)
  8 hell hounds
  A glowing shapeshifter skeleton (Zig:8)
  34 orc warriors
  4 sky beasts
  42 laughing skulls
  2 black bears
  4 ice beasts
  A blink frog zombie (Crypt:2)
  17 ogres
  A black mamba simulacrum (Crypt:2)
  7 wolves
  10 centaurs
  A lemure (D:7)
  2 weeping skulls (Abyss:3)
  A kobold brigand (D:9)
  5 brain worms (Abyss:3)
  4 necrophages (Crypt:3)
  A scorpion (D:6)
  A komodo dragon skeleton (Crypt:2)
  3 two-headed ogre simulacra (IceCv)
  14 bullfrogs
  13 small abominations
  5 cane toad simulacra (IceCv)
  A wyvern skeleton (Crypt:1)
  4 burial acolytes (Crypt:3)
  3 earth elementals
  12 wights
  4 elephant simulacra (IceCv)
  9 killer bees (D:9)
  2 electric eels
  2 howler monkeys (D:13)
  A crimson imp (Abyss:3)
  A human simulacrum (Vaults:2)
  2 quasits (Abyss:3)
  5 lava snakes (Lair:5)
  A centaur zombie (Crypt:2)
  7 jellies
  2 bombardier beetles
  2 human zombies
  28 orc priests
  A hound (D:4)
  2 iron imps
  A sleepcap (D:5)
  2 iguanas (D:5)
  25 orc wizards
  3 spriggan simulacra
  2 hell rats (Lair:2)
  3 polar bear simulacra (IceCv)
  3 wolf simulacra (IceCv)
  A deep dwarf skeleton (Crypt:1)
  A boggart simulacrum (D:14)
  5 mummies (Zig:8)
  3 gnolls (D:5)
  6 adders
  6 river rats (Lair:2)
  A shadow imp (D:6)
  A ribbon worm zombie (Crypt:1)
  4 white imps
  5 ufetubi
  An iguana zombie (Crypt:1)
  3 dart slugs
  5 ribbon worms
  75 orcs
  6 ball pythons
  5 endoplasms
  A giant cockroach (D:1)
  5 goblins
  6 hobgoblins
  3 jackals (D:1)
  7 kobolds
  2 quokkas (D:4)
  3 training dummies (D:7)
  4 bats
  3 frilled lizards
  A frilled lizard zombie (Crypt:1)
  7 rats
  A lurking horror (Abyss:3)
  17 starspawn tentacles (Abyss:3)
  6 tentacles
2433 creatures vanquished.

Vanquished Creatures (collateral kills)
  A tentacled monstrosity (Vaults:5)
  A titan (Vaults:5)
  A storm dragon (Vaults:5)
  A shadow dragon (Vaults:5)
  2 deep elf sorcerers (Vaults:5)
  2 iron dragons (Vaults:5)
  A frost giant (Vaults:5)
  A vault warden (Vaults:5)
  3 ironbound preservers (Vaults:5)
  A deep elf demonologist (Elf:1)
  A very ugly thing (Vaults:5)
  A deep elf annihilator (Vaults:5)
  2 ettins (Vaults:5)
  2 yaktaur captains (Vaults:5)
  2 deep elf high priests (Vaults:5)
  6 vault guards (Vaults:5)
  2 rakshasas (Depths:2)
  A starcursed mass (Abyss:3)
  A deep troll earth mage (Vaults:5)
  A hell knight (Vaults:5)
  A titan zombie (Vaults:5)
  An iron troll (Vaults:5)
  A sea snake (shapeshifter) (Vaults:5)
  A deep troll (Vaults:5)
  An orb spider (shapeshifter) (Vaults:5)
  A phantasmal warrior (Vaults:5)
  A deep elf archer (Elf:1)
  A necromancer (Vaults:5)
  A yaktaur skeleton (Vaults:5)
  A snapping turtle (shapeshifter) (Vaults:5)
  A stone giant simulacrum (Vaults:5)
  A small abomination (Abyss:3)
  A mummy (Zig:8)
46 creatures vanquished.

Vanquished Creatures (others)
  A tentacled monstrosity (Vaults:5)
  A quicksilver dragon (Vaults:5)
  3 tengu reavers (Vaults:5)
  A deep elf sorcerer (Vaults:5)
  A deep elf annihilator (Vaults:5)
  A deep elf high priest (Vaults:5)
  8 vault guards (Vaults:5)
  A great orb of eyes (Vaults:5)
  2 deep troll earth magi (Vaults:5)
  A deep elf knight (Elf:3)
  A hell knight (Vaults:5)
  A large abomination (Abyss:3)
  A deep troll (Vaults:5)
  A deep elf pyromancer (Elf:1)
  2 necromancers (Vaults:5)
  An ironbound convoker (Vaults:5)
  A faun (Shoals:3)
  2 vault sentinels (Vaults:5)
  A stone giant simulacrum (Zig:5)
  2 small abominations (Abyss:3)
  A water elemental (Elf:3)
  2 humans (D:15)
  A chaos spawn (Abyss:3)
  A neqoxec (Abyss:3)
  A jelly (Abyss:3)
  4 foxfires (Zig:4)
  2 spectral weapons (Depths:2)
  39 starspawn tentacles (Abyss:3)
  19 tentacles
103 creatures vanquished.

Grand Total: 2582 creatures vanquished

Notes
Turn   | Place    | Note
-------+----------+-------------------------------------------
     0 | D:1      | imdaedric the Minotaur Fighter began the quest for the Orb.
     0 | D:1      | Reached XP level 1. HP: 19/19 MP: 0/0
   119 | D:1      | Reached XP level 2. HP: 27/27 MP: 1/1
   459 | D:1      | Got the Vellum of Doomed Tephra
   560 | D:1      | Reached XP level 3. HP: 33/33 MP: 2/2
  1057 | D:2      | Noticed Sigmund
  1089 | D:2      | Killed Sigmund
  1090 | D:2      | Reached XP level 4. HP: 13/41 MP: 3/3
  1090 | D:2      | Reached XP level 5. HP: 15/47 MP: 4/4
  1230 | D:2      | Found a faded altar of an unknown god.
  1282 | D:2      | Reached skill level 5 in Armour
  1796 | D:3      | Reached skill level 5 in Fighting
  1822 | D:3      | Reached skill level 5 in Shields
  2235 | D:3      | Reached XP level 6. HP: 56/56 MP: 5/5
  2388 | D:4      | Reached skill level 1 in Throwing
  2675 | D:4      | Reached skill level 1 in Polearms
  2675 | D:4      | Reached skill level 1 in Dodging
  3084 | D:4      | Reached XP level 7. HP: 61/61 MP: 6/6
  3300 | D:5      | Entered Level 5 of the Dungeon
  3825 | D:5      | Found a hide-covered altar of Uskayaw.
  3825 | D:5      | Noticed a +0 dagger
  3825 | D:5      | Noticed a +0 falchion
  3825 | D:5      | Noticed a +0 short sword
  3826 | D:5      | Noticed a +0 short sword
  3826 | D:5      | Noticed a +0 spear
  3827 | D:5      | Noticed a +0 falchion
  3827 | D:5      | Noticed a +0 dagger
  3828 | D:5      | Noticed a +0 spear
  3965 | D:5      | Found an iron altar of Okawaru.
  4107 | D:5      | Reached XP level 8. HP: 71/71 MP: 7/7
  4538 | D:6      | Found a staircase to the Ecumenical Temple.
  4577 | Temple   | Entered the Ecumenical Temple
  4608 | Temple   | Became a worshipper of Gozag Ym Sagoz the Greedy
  5412 | D:7      | Found an ancient bone altar of Kikubaaqudgha.
  5428 | D:7      | Noticed Pikel
  5443 | D:7      | Killed Pikel
  5444 | D:7      | Reached skill level 5 in Polearms
  5444 | D:7      | Reached XP level 9. HP: 69/80 MP: 8/8
  5508 | D:7      | Noticed a two-headed ogre
  5515 | D:7      | Killed a two-headed ogre
  5516 | D:7      | Reached skill level 5 in Throwing
  5640 | D:7      | Found an ornate altar of the Wu Jian Council.
  5706 | D:7      | Found Haustuum's Firing Range.
  5813 | D:7      | Noticed Menkaure
  5820 | D:7      | Killed Menkaure
  6319 | D:8      | Found a burning altar of Makhleb.
  6457 | D:8      | Found a basalt altar of Yredelemnul.
  6666 | D:8      | Found a shadowy altar of Dithmenos.
  6972 | D:9      | Noticed Psyche
  6981 | D:8      | Killed Psyche
  6982 | D:8      | Reached XP level 10. HP: 61/91 MP: 9/9
  7282 | D:9      | Noticed Maurice
  7298 | D:9      | Killed Maurice
  7304 | D:9      | Noticed a two-headed ogre
  7313 | D:9      | Killed a two-headed ogre
  8107 | D:9      | Found a blossoming altar of Fedhas.
  8280 | D:9      | Noticed Gastronok
  8299 | D:9      | Killed Gastronok
  8300 | D:9      | Reached skill level 10 in Fighting
  8300 | D:9      | Reached skill level 10 in Armour
  8305 | D:9      | Found a large runed translucent door.
  8310 | D:9      | Found a large runed translucent door.
  8310 | D:9      | Found a shimmering altar of Xom.
  8312 | D:9      | Noticed a brown ugly thing
  8316 | D:9      | Identified the +4 dagger of the Chain {chaos, *Rage rPois
                  | MP+9 Int+5}
  8639 | D:9      | Reached XP level 11. HP: 90/101 MP: 10/10
  8683 | D:9      | Found a glowing silver altar of Zin.
  8683 | D:9      | Found a white marble altar of Elyvilon.
  8689 | D:9      | Found a glowing golden altar of the Shining One.
  8797 | D:9      | Found a staircase to the Orcish Mines.
  9041 | D:9      | Found a staircase to the Lair.
  9201 | D:10     | Entered Level 10 of the Dungeon
  9594 | D:10     | Noticed a sixfirhy
  9595 | D:10     | Found a runed translucent door.
  9769 | D:10     | Found a shimmering blue altar of Sif Muna.
 10223 | Lair:1   | Entered Level 1 of the Lair of Beasts
 10301 | Lair:1   | Reached skill level 10 in Polearms
 12023 | Lair:2   | Noticed an eight-headed hydra
 12028 | Lair:2   | Killed an eight-headed hydra
 12226 | Lair:2   | Reached XP level 12. HP: 90/112 MP: 11/11
 12906 | Lair:2   | Found a staircase to the Snake Pit.
 13229 | Lair:2   | Reached skill level 10 in Throwing
 14668 | Lair:3   | Found a staircase to the Shoals.
 15104 | Lair:4   | Reached XP level 13. HP: 122/122 MP: 12/12
 15538 | Lair:5   | Entered Level 5 of the Lair of Beasts
 16164 | Lair:5   | Noticed a fire dragon
 16306 | Lair:5   | Found a large runed translucent door.
 16307 | Lair:5   | Found a large runed translucent door.
 16742 | Lair:5   | Found a staircase to the Slime Pits.
 16750 | Lair:5   | Found a viscous altar of Jiyva.
 17346 | Lair:5   | Killed a fire dragon
 17619 | D:11     | Reached skill level 15 in Fighting
 17619 | D:11     | Reached skill level 15 in Armour
 17816 | D:11     | Bought a potion of heal wounds for 115 gold pieces
 17816 | D:11     | Bought a scroll of fear for 92 gold pieces
 17816 | D:11     | Bought a scratched golden ring for 115 gold pieces
 17816 | D:11     | Bought a potion of curing for 69 gold pieces
 17816 | D:11     | Bought a masterwork halberd for 207 gold pieces
 17816 | D:11     | Identified the +1 halberd of Kismet {venom, *Corrode Will+
                  | Int+3} (You bought it in a shop on level 11 of the Dungeon)
 18079 | D:11     | Noticed Harold
 18088 | D:11     | Killed Harold
 18089 | D:11     | Reached XP level 14. HP: 112/135 MP: 13/13
 18162 | D:11     | Found Aneiniamm's Antique Weapon Shoppe.
 18357 | D:11     | Found a transporter.
 18404 | D:11     | Found a transporter.
 18405 | D:11     | Noticed jimmypageman's ghost (journeyman MiFi)
 18407 | D:11     | Identified the +4 great mace "Jauh" {holy, rF+ rCorr
                  | Stlth+}
 18407 | D:11     | Identified the +3 dire flail of Lust {flame, MP+9}
 19721 | D:13     | Found a frozen archway.
 19745 | IceCv    | Entered an ice cave
 20069 | IceCv    | Found an ancient bone altar of Kikubaaqudgha.
 20702 | D:13     | Noticed Lodul
 21462 | D:13     | Killed Lodul
 22172 | D:13     | Found a gate to the Vaults.
 22493 | D:13     | Bought a scroll of teleportation for 39 gold pieces
 22493 | D:13     | Bought a scroll of identify for 26 gold pieces
 22493 | D:13     | Bought a scroll of identify for 26 gold pieces
 22493 | D:13     | Bought a scroll of summoning for 123 gold pieces
 22493 | D:13     | Bought a scroll of enchant weapon for 97 gold pieces
 22493 | D:13     | Bought a scroll of identify for 26 gold pieces
 22822 | D:14     | Reached XP level 15. HP: 150/150 MP: 14/14
 22944 | D:14     | Noticed a tengu reaver
 22955 | D:14     | Killed a tengu reaver
 22966 | D:14     | Identified the +8 plate armour of Vanity {-Cast rPois rC+}
 23400 | D:15     | Entered Level 15 of the Dungeon
 23560 | D:15     | Reached skill level 1 in Shapeshifting
 23762 | D:15     | Found a staircase to the Depths.
 23830 | D:15     | Noticed Kirke
 23864 | D:15     | Killed Kirke
 24135 | D:7      | Bought 2 boomerangs for 48 gold pieces
 24135 | D:7      | Bought 3 boomerangs for 72 gold pieces
 24135 | D:7      | Bought 5 boomerangs for 120 gold pieces
 24347 | D:15     | Found a radiant altar of Vehumet.
 25324 | Snake:1  | Entered Level 1 of the Snake Pit
 25586 | Snake:1  | Noticed a nagaraja
 25600 | Snake:1  | Killed a nagaraja
 25775 | Snake:1  | Noticed Frances
 25781 | Snake:1  | Killed Frances
 25971 | Snake:1  | Found Rotzyih's Antique Armour Shoppe.
 25976 | Snake:1  | Bought a fading cloak for 218 gold pieces
 25976 | Snake:1  | Identified the +0 cloak of Iwnyits {rF+ rC+ rN+ Int+2} (You
                  | bought it in a shop on level 1 of the Snake Pit)
 26457 | Snake:1  | Reached XP level 16. HP: 157/165 MP: 15/15
 26683 | Snake:1  | Reached skill level 15 in Throwing
 27380 | Snake:2  | Found Wiqin's Distillery.
 27389 | Snake:2  | Bought a potion of might for 52 gold pieces
 27389 | Snake:2  | Bought a potion of heal wounds for 65 gold pieces
 27389 | Snake:2  | Bought 2 potions of curing for 78 gold pieces
 27389 | Snake:2  | Bought a potion of curing for 39 gold pieces
 27860 | Snake:2  | Noticed Azrael
 27871 | Snake:2  | Killed Azrael
 28491 | Snake:2  | Found a broken altar of Ashenzari.
 29135 | Snake:3  | Reached skill level 5 in Shapeshifting
 29279 | Orc:1    | Entered Level 1 of the Orcish Mines
 29282 | Orc:1    | Noticed Nergalle
 29291 | Orc:1    | Killed Nergalle
 29447 | Orc:2    | Entered Level 2 of the Orcish Mines
 30046 | Orc:2    | Found Kadyoss's Distillery.
 30052 | Orc:2    | Found Sicaibeq's General Store.
 30182 | Orc:2    | Bought a potion of might for 48 gold pieces
 30182 | Orc:2    | Bought a potion of might for 48 gold pieces
 30184 | Orc:2    | Bought a scroll of brand weapon for 95 gold pieces
 30184 | Orc:2    | Bought 2 throwing nets for 60 gold pieces
 30608 | Orc:2    | Found a staircase to the Elven Halls.
 31153 | Orc:2    | Paralysed by an orc sorcerer for 3 turns
 31158 | Orc:2    | Found Esegiq's Book Shoppe.
 31158 | Orc:2    | Found Newn's Antique Armour Emporium.
 31159 | Orc:2    | Found a one-way gate leading to the halls of Pandemonium.
 31193 | Orc:2    | Bought the +8 lance "Wyrmbane" {slay drac, rPois rF+ rC+
                  | AC+3} for 808 gold pieces
 31193 | Orc:2    | Found the +8 lance "Wyrmbane" {slay drac, rPois rF+ rC+
                  | AC+3}
 31379 | Orc:2    | Bought 2 potions of berserk rage for 120 gold pieces
 31379 | Orc:2    | Bought a potion of heal wounds for 60 gold pieces
 31379 | Orc:2    | Bought a potion of heal wounds for 60 gold pieces
 31379 | Orc:2    | Bought a potion of haste for 120 gold pieces
 31379 | Orc:2    | Bought a potion of haste for 120 gold pieces
 31563 | Snake:3  | Identified the serpent talisman "Neup" {rElec Str+6 SInv
                  | Stlth-}
 31563 | Snake:3  | Noticed Aizul
 31572 | Snake:3  | Killed Aizul
 31711 | Snake:3  | Reached XP level 17. HP: 154/176 MP: 16/16
 31779 | Snake:3  | Noticed Mara
 31805 | Snake:3  | Noticed imdaedric's illusion
 31806 | Snake:3  | Killed Mara
 32045 | Snake:3  | Identified a scroll of acquirement
 32229 | Snake:3  | Acquired 1035 gold pieces
 32432 | Snake:4  | Entered Level 4 of the Snake Pit
 32541 | Snake:4  | Found Osmem's Armour Shoppe.
 32580 | Snake:4  | Bought the +10 plate armour "Itroybof" {Will+ Str+3 Int+2}
                  | for 1825 gold pieces
 32743 | Snake:4  | Found an iron altar of Okawaru.
 32815 | Snake:4  | Found Cyroxt's Jewellery Emporium.
 33031 | Snake:4  | Found a runed translucent door.
 33031 | Snake:4  | Noticed drollins's ghost (adept MiBe)
 33031 | Snake:4  | Found the dreamshard necklace {Acrobat *Dream}
 33051 | Snake:4  | Killed drollins's ghost
 33111 | Snake:4  | Found Gowadot's Antique Armour Shoppe.
 33130 | Snake:4  | Bought the +18 shield of the Gong {Loud rN+ Will+ rCorr
                  | EV-5} for 3452 gold pieces
 33130 | Snake:4  | Found the +18 shield of the Gong {Loud rN+ Will+ rCorr
                  | EV-5}
 33866 | Snake:4  | Noticed a quicksilver dragon
 33867 | Snake:4  | Reached skill level 10 in Shields
 33890 | Snake:4  | Killed a quicksilver dragon
 34601 | Snake:4  | Got a serpentine rune of Zot
 34768 | Snake:4  | Found Righucub's Weapon Shop.
 35165 | Shoals:1 | Entered Level 1 of the Shoals
 36104 | Shoals:1 | Found Ischeatumm's Distillery.
 36112 | Shoals:1 | Bought a potion of heal wounds for 75 gold pieces
 36162 | Shoals:1 | Found Kiashryhov's Book Shop.
 36183 | Shoals:1 | Found Joacral's Assorted Antiques.
 36191 | Shoals:1 | Bought an embroidered hat for 259 gold pieces
 36202 | Shoals:1 | Bought a crooked silver wand for 148 gold pieces
 36202 | Shoals:1 | Bought an encrusted opal ring for 185 gold pieces
 36236 | Shoals:1 | Found Dogyiwky's Magic Scroll Emporium.
 36245 | Shoals:1 | Bought a scroll of revelation for 82 gold pieces
 36245 | Shoals:1 | Bought a scroll of revelation for 82 gold pieces
 36256 | Shoals:1 | Noticed a kraken
 36283 | Shoals:1 | Killed a kraken
 36318 | Shoals:1 | Bought a scroll of fear for 44 gold pieces
 36318 | Shoals:1 | Bought a scroll of fog for 44 gold pieces
 36404 | Shoals:1 | Found Jaleil's Distillery.
 36412 | Shoals:1 | Bought a potion of heal wounds for 70 gold pieces
 36412 | Shoals:1 | Bought a potion of haste for 140 gold pieces
 36525 | Shoals:2 | Reached XP level 18. HP: 185/187 MP: 17/17
 36543 | Shoals:2 | Noticed Ilsuiw
 36571 | Shoals:2 | Killed Ilsuiw
 36598 | Shoals:2 | Noticed Polyphemus
 36921 | Shoals:1 | Killed Polyphemus
 38678 | Shoals:4 | Entered Level 4 of the Shoals
 38678 | Shoals:4 | Found a stormy altar of Qazlal.
 39675 | Shoals:4 | Paralysed by an air elemental for 1 turns
 39678 | Shoals:4 | Paralysed by an air elemental for 1 turns
 39685 | Shoals:4 | Paralysed by an air elemental for 1 turns
 39694 | Shoals:4 | Paralysed by an air elemental for 1 turns
 39698 | Shoals:4 | Paralysed by an air elemental for 1 turns
 40067 | Shoals:4 | Paralysed by an air elemental for 1 turns
 40446 | Shoals:4 | Paralysed by an air elemental for 1 turns
 40451 | Shoals:4 | Paralysed by an air elemental for 1 turns
 40468 | Shoals:4 | Identified the +3 plate armour "Nuttent" {SInv}
 40472 | Shoals:4 | Paralysed by an air elemental for 1 turns
 40480 | Shoals:4 | Paralysed by an air elemental for 1 turns
 40488 | Shoals:4 | Paralysed by an air elemental for 1 turns
 40493 | Shoals:3 | Paralysed by an air elemental for 1 turns
 40694 | Shoals:4 | HP: 8/188 [merfolk impaler/+2 trident of venom (18)]
 40700 | Shoals:4 | Saved by the dreamshard amulet
 42422 | Shoals:4 | Got a barnacled rune of Zot
 43169 | Elf:1    | Entered Level 1 of the Elven Halls
 43278 | Elf:1    | Found Wivvy's Book Shop.
 43293 | Elf:1    | Noticed Nikola
 43304 | Elf:1    | Killed Nikola
 43485 | Elf:1    | Noticed Agnes
 43499 | Elf:1    | Killed Agnes
 43500 | Elf:1    | Reached XP level 19. HP: 170/195 MP: 18/18
 44076 | Elf:1    | Found Notihuukh's General Store.
 44084 | Elf:1    | Bought 3 atropa-tipped darts for 40 gold pieces
 44084 | Elf:1    | Bought a scroll of fear for 60 gold pieces
 44084 | Elf:1    | Bought 6 atropa-tipped darts for 81 gold pieces
 44451 | Elf:1    | Found Heugiec's Magic Scroll Emporium.
 44466 | Elf:1    | Bought a scroll of fear for 60 gold pieces
 44466 | Elf:1    | Bought a scroll of acquirement for 780 gold pieces
 44466 | Elf:1    | Bought a scroll of enchant weapon for 112 gold pieces
 44466 | Elf:1    | Acquired the ring of Atheism {rPois Will+ Dex+6}
 44569 | Elf:1    | Got Aqaapot's Guidebook on Violence and the Band
 45059 | Elf:2    | Paralysed by an air elemental for 1 turns
 45066 | Elf:1    | Paralysed by an air elemental for 1 turns
 45497 | Elf:2    | Paralysed by an air elemental for 1 turns
 45500 | Elf:2    | Paralysed by an air elemental for 1 turns
 45504 | Elf:2    | Paralysed by an air elemental for 1 turns
 45642 | Elf:2    | Noticed Norris
 45685 | Elf:2    | Killed Norris
 46024 | Elf:2    | Got the Tempter's Incunable of Forbidden Fruit
 46351 | Elf:2    | Found a runed translucent gate.
 46352 | Elf:2    | Found a runed translucent gate.
 46352 | Elf:2    | Found a runed translucent gate.
 46526 | Elf:3    | Entered Level 3 of the Elven Halls
 46590 | Elf:3    | Identified the +1 leather armour of Vumaef {Fly rC+ Int+4}
 46714 | Elf:3    | Identified the +4 battleaxe of Aluclos {flame, rN++ Will+}
 47019 | Elf:3    | Found a runed translucent gate.
 47019 | Elf:3    | Found a runed translucent gate.
 47019 | Elf:3    | Found a runed translucent gate.
 47444 | Elf:3    | Identified the +0 leather armour of Avaddyab {rPois}
 47758 | Elf:3    | Identified the +0 rapier of Xeraom Eniz {holy, *Noise rF+++
                  | Will- Int+6}
 47933 | Elf:3    | Identified the +5 long sword of Malum Prohibitum {protect,
                  | Str+3 Int-3 SInv}
 47945 | Elf:3    | Gained mutation: You are occasionally teleported next to
                  | monsters. [a cacodemon]
 47959 | Elf:3    | Gained mutation: You occasionally lose the ability to read
                  | scrolls when taking damage. [a cacodemon]
 48217 | Elf:3    | Noticed a Brimstone Fiend
 48218 | Elf:3    | Reached XP level 20. HP: 207/207 MP: 19/19
 48372 | Elf:3    | Identified the amulet "Gasmounu" {Reflect rElec Int+2 SH+5}
 48412 | Elf:3    | Identified the +8 orcbow of Calamity {elec, *Slow rElec
                  | rCorr}
 48460 | Elf:3    | Reached skill level 15 in Shields
 48501 | Elf:3    | Got Sif Muna's Quarto of the Sphinx
 48706 | Elf:3    | Identified the +5 hand axe of Dishonesty {protect, *Slow
                  | MP+9 Dex+9}
 48867 | Elf:3    | Found Kozuhih's Magic Scroll Emporium.
 48870 | Elf:3    | Bought a scroll of fog for 80 gold pieces
 48870 | Elf:3    | Bought a scroll of fog for 80 gold pieces
 48985 | Elf:3    | Found a runed translucent door.
 48990 | Elf:3    | Noticed Hihelu's ghost (adept MiBe)
 49050 | Elf:3    | Killed Hihelu's ghost
 49561 | Depths:1 | Entered Level 1 of the Depths
 49690 | Depths:1 | Acquired 789 gold pieces
 50103 | Depths:1 | Found a corrupted altar of Lugonu.
 50103 | Depths:1 | Found a one-way gate to the infinite horrors of the Abyss.
 50338 | Depths:1 | Found a gateway to Hell.
 51384 | Depths:2 | Noticed a juggernaut
 51422 | Depths:2 | Noticed Asterion
 51443 | Depths:2 | Killed Asterion
 51527 | Depths:1 | Lost mutation: You are occasionally teleported next to
                  | monsters. [potion of mutation]
 51527 | Depths:1 | Lost mutation: You occasionally lose the ability to read
                  | scrolls when taking damage. [potion of mutation]
 51527 | Depths:1 | Gained mutation: You have supernaturally acute eyesight.
                  | (SInv) [potion of mutation]
 51827 | Depths:2 | Found a one-way gateway to a ziggurat.
 52268 | Depths:2 | Found a transporter.
 53235 | Depths:3 | Noticed a juggernaut
 53677 | Depths:3 | Reached XP level 21. HP: 193/220 MP: 20/20
 53774 | Depths:3 | Killed a juggernaut
 53990 | Depths:3 | Got the Tome of Impulse
 54199 | Depths:3 | Found Fusoq's Jewellery Shop.
 54199 | Depths:3 | Found Zaysamn's Book Emporium.
 54200 | Depths:3 | Found Foinec's Jewellery Shop.
 54671 | Orc:2    | Bought a pair of embroidered boots for 195 gold pieces
 55401 | Vaults:1 | Entered Level 1 of the Vaults
 55929 | Vaults:1 | Found a transporter.
 55929 | Vaults:1 | Identified the +0 long sword "Hargh" {heavy, rC+}
 55935 | Vaults:1 | Identified the ring of the Briny Deep {rC+ Dex+3}
 55943 | Vaults:1 | Found a transporter.
 56090 | Vaults:1 | Noticed Saint Roka
 56104 | Vaults:1 | Killed Saint Roka
 56833 | Vaults:1 | Found a portal to a secret trove of treasure.
 56884 | Vaults:1 | You paid a toll of a +6 demon trident to enter a treasure
                  | trove
 56885 | Trove    | Entered a treasure trove
 56906 | Trove    | Identified the +6 short sword "Kipsion" {venom, *Slow Str+5
                  | Dex+4}
 56908 | Trove    | Identified the +1 hand axe of Reason {venom, rPois rC+}
 56909 | Trove    | Identified the +1 spear of Wytalam {venom, rF+}
 56915 | Trove    | Identified the +8 spear of the Pillar {distort, rCorr}
 56920 | Trove    | Identified the +9 short sword of Premature Burial {distort,
                  | Str+3 Stlth+}
 57832 | Vaults:2 | Noticed Sojobo
 57850 | Vaults:2 | Killed Sojobo
 58484 | Vaults:2 | Reached XP level 22. HP: 232/232 MP: 21/21
 58592 | Vaults:2 | Found a staircase to the Crypt.
 58979 | Vaults:3 | Reached skill level 27 in Fighting
 59195 | Vaults:3 | Identified the +5 dagger "Citsoc" {drain, Int+3}
 59272 | Vaults:3 | You fall into a shaft and drop 1 floor!
 59372 | Vaults:4 | Reached skill level 5 in Dodging
 60407 | Vaults:4 | Found Ilairit's Antique Weapon Shoppe.
 60646 | Vaults:3 | Identified the +5 dagger "Etzaziad" {spect, rF+ Dex+4
                  | Stlth+}
 60898 | Vaults:3 | Identified the +7 arbalest "Zopoa" {antimagic, Fly}
 61375 | Vaults:3 | Identified the +0 leather armour of Liberalism {Will- SInv
                  | Stlth+}
 62122 | Depths:4 | Entered Level 4 of the Depths
 62587 | Depths:4 | Identified the +7 hand axe of the Uplifting Gods {protect,
                  | Int+3}
 62630 | Depths:4 | Reached XP level 23. HP: 230/240 MP: 22/22
 62721 | Depths:4 | Identified the +2 flail "Quph" {spect, rPois rN+ Int+3
                  | Dex-4}
 62939 | Depths:4 | Noticed a juggernaut
 62940 | Depths:4 | Found a gate to the Realm of Zot.
 62951 | Depths:4 | Killed a juggernaut
 62952 | Depths:4 | Reached skill level 10 in Dodging
 63566 | Depths:4 | Bought a pair of embroidered gloves for 232 gold pieces
 63774 | Depths:2 | Found a transporter.
 63886 | Depths:2 | Found a bloodstained altar of Trog.
 63886 | Depths:2 | Found the +8 Wrath of Trog {antimagic, *Rage Rampage}
 64203 | Crypt:1  | Entered Level 1 of the Crypt
 64330 | Crypt:1  | Reached skill level 1 in Spellcasting
 64376 | Crypt:1  | Identified the orb of Yredelemnul's Favour {*channel, Int+3
                  | Slay-5 Stlth+ Air}
 64376 | Crypt:1  | Noticed Frederick
 64397 | Crypt:1  | Killed Frederick
 65792 | Crypt:1  | Acquired 930 gold pieces
 65871 | Crypt:2  | Noticed Grunn
 65927 | Crypt:2  | Killed Grunn
 66249 | Crypt:2  | Got the Verses on the Ill-fated Retinue
 67679 | Crypt:3  | Entered Level 3 of the Crypt
 68043 | Crypt:3  | Found a basalt altar of Yredelemnul.
 68049 | Crypt:3  | Reached skill level 27 in Armour
 68478 | Crypt:3  | Identified the amulet "Pinintue" {Acrobat *Corrode rC+++
                  | Regen+ Str-2}
 68532 | Crypt:3  | Reached XP level 24. HP: 223/249 MP: 0/29
 68574 | Crypt:3  | Reached skill level 5 in Spellcasting
 68583 | Crypt:3  | Noticed an ancient lich
 68602 | Crypt:3  | Killed an ancient lich
 68824 | Crypt:3  | Identified the +3 rapier of Action {flame, Dex+4}
 69481 | Crypt:3  | Found a staircase to the Tomb.
 69501 | Crypt:3  | Identified the amulet of the Mutiny {Spirit rF++}
 69525 | Crypt:3  | Got Fisenec's Notes on Abominable Magic
 69867 | Zig:1    | Entered Level 1 of a ziggurat
 69896 | Zig:2    | Entered Level 2 of a ziggurat
 69928 | Zig:3    | Entered Level 3 of a ziggurat
 70025 | Zig:4    | Entered Level 4 of a ziggurat
 70076 | Zig:5    | Entered Level 5 of a ziggurat
 70228 | Zig:5    | Identified the staff of Puodgh {rElec rN+ Dex+4 Stlth- Conj
                  | Necro}
 70238 | Zig:6    | Entered Level 6 of a ziggurat
 70242 | Zig:6    | Noticed an ancient lich
 70263 | Zig:6    | Killed an ancient lich
 70440 | Zig:7    | Entered Level 7 of a ziggurat
 70489 | Zig:7    | Identified the +8 orcbow "Semeheso" {flame, *Slow rPois
                  | rCorr MP+9}
 70496 | Zig:8    | Entered Level 8 of a ziggurat
 70541 | Zig:8    | Noticed a royal mummy
 70596 | Zig:8    | Killed a royal mummy
 71303 | Vaults:5 | Entered Level 5 of the Vaults
 71303 | Vaults:5 | Noticed Bai Suzhen
 71315 | Vaults:5 | Reached skill level 1 in Evocations
 71344 | Vaults:5 | Identified the staff of Past Mistakes {*Slow rElec rF+ rC+
                  | Will+ Air}
 71356 | Vaults:5 | Noticed Boris
 71520 | Vaults:5 | Killed Boris
 71930 | Vaults:5 | Noticed an ancient lich
 71942 | Vaults:5 | Killed an ancient lich
 72031 | Vaults:5 | Reached XP level 25. HP: 251/255 MP: 31/34
 72248 | Vaults:5 | Identified the staff "Paopum Zeek" {^Drain rPois Str+4 Fire
                  | Earth}
 72425 | Vaults:5 | Reached skill level 5 in Evocations
 72518 | Vaults:5 | Got a silver rune of Zot
 72716 | Vaults:5 | Identified the +3 glaive of Severance {pain, rF+ rCorr
                  | Int-5 Stlth+}
 72946 | Vaults:5 | Found Lacos's Book Boutique.
 72955 | Vaults:5 | Identified the +1 leather armour "Enutevuym" {*Corrode
                  | Int+3 Dex+3}
 73349 | Depths:1 | Voluntarily entered the Abyss.
 73353 | Abyss:1  | Found a corrupted altar of Lugonu.
 73359 | Abyss:1  | Found a corrupted altar of Lugonu.
 73363 | Abyss:1  | Found a corrupted altar of Lugonu.
 73363 | Abyss:1  | Found the ring of the Mage {Wiz Archmagi}
 73719 | Abyss:3  | Gained mutation: You have hidden genetic defects. [a
                  | neqoxec]
 74028 | Depths:1 | Escaped the Abyss
 74164 | Depths:1 | Lost mutation: You have hidden genetic defects. [potion of
                  | mutation]
 74164 | Depths:1 | Lost mutation: You have supernaturally acute eyesight.
                  | (SInv) [potion of mutation]
 74164 | Depths:1 | Gained mutation: Your spells are a little easier to cast,
                  | but a little less powerful. [potion of mutation]
 74165 | Depths:1 | Lost mutation: Your spells are a little easier to cast, but
                  | a little less powerful. [potion of mutation]
 74165 | Depths:1 | Gained mutation: You are partially covered in iridescent
                  | scales. (AC +2) [potion of mutation]
 74165 | Depths:1 | Gained mutation: You are mostly covered in iridescent
                  | scales. (AC +4) [potion of mutation]
 74165 | Depths:1 | Gained mutation: You are completely covered in iridescent
                  | scales. (AC +6) [potion of mutation]
 74228 | Depths:1 | Voluntarily entered the Abyss.
 74670 | Abyss:3  | Reached skill level 15 in Dodging
 74684 | Depths:1 | Escaped the Abyss
 75342 | Depths:1 | Voluntarily entered the Abyss.
 75345 | Abyss:3  | Found a corrupted altar of Lugonu.
 75480 | Abyss:3  | Paralysed by an air elemental for 1 turns
 75569 | Abyss:3  | Paralysed by accursed screaming for 1 turns
 75617 | Abyss:3  | Paralysed by accursed screaming for 1 turns
 75620 | Depths:1 | Escaped the Abyss
 76104 | Depths:1 | Voluntarily entered the Abyss.
 76116 | Abyss:3  | Found a candlelit altar of Ignis.
 76412 | Depths:1 | Escaped the Abyss
 76821 | Depths:1 | Voluntarily entered the Abyss.
 77111 | Abyss:3  | Paralysed by an air elemental for 1 turns
 77386 | Abyss:3  | Paralysed by accursed screaming for 1 turns
 77398 | Abyss:3  | Reached skill level 10 in Evocations
 77416 | Abyss:3  | Reached XP level 26. HP: 83/265 MP: 33/35
 77535 | Abyss:3  | Gained mutation: You passively map a small area around you.
                  | [a neqoxec]
 77564 | Abyss:3  | Paralysed by accursed screaming for 2 turns
 77579 | Abyss:3  | Paralysed by accursed screaming for 2 turns
 77657 | Abyss:3  | HP: 8/212 [daeva/divine providence[an orange crystal
                  | statue] (9)]
 77657 | Abyss:3  | Killed from afar by a starcursed mass

Illustrated notes

Levels and vault maps discovered:
D:1:      dpeg_arrival_rooms_c, layout_loops_cross, grunt_decor_resistance,
          minmay_pentomino_w4
D:2:      layout_basic, hellmonk_ecumenical_altar_defaced_shrine, uniq_sigmund
D:3:      wander_river, layout_loops_ring, minmay_door_square,
          minmay_misc_feat_square, kennysheep_generic_room_6
D:4:      layout_cave_pods
D:5:      layout_cave_pods, nicolae_uskayaw_en_pointe, general_overflow_altar
D:6:      layout_basic, temple_statues
D:7:      layout_rooms, mainiacjoe_overflow_tiny_flanked, lemuel_round_altar,
          minmay_splitting_lines, nicolae_shop_firing_range, uniq_menkaure,
          uniq_pikel
D:8:      layout_basic, lemuel_round_altar, mainiacjoe_overflow_boulevard,
          nicolae_dithmenos_shadow_blocks, nicolae_letterblocks
          [nicolae_letter_subblock, nicolae_letter_subblock,
          nicolae_letter_subblock, nicolae_letter_subblock,
          nicolae_letter_subblock, nicolae_letter_subblock,
          nicolae_letter_subblock, nicolae_letter_subblock,
          nicolae_letter_subblock, nicolae_letter_subblock,
          nicolae_letter_subblock, nicolae_letter_subblock,
          nicolae_letter_subblock, nicolae_letter_subblock,
          nicolae_letter_subblock, nicolae_letter_subblock,
          nicolae_letter_subblock, nicolae_letter_subblock,
          nicolae_letter_subblock, nicolae_letter_subblock,
          nicolae_letter_subblock, nicolae_letter_subblock,
          nicolae_letter_subblock, nicolae_letter_subblock,
          nicolae_letter_subblock]
D:9:      due_chaos_kobolds, layout_basic, dreamdust_divine_triumvirate,
          fedhas_altar_fruit_tree, orc_0_dummy, uniq_gastronok, uniq_psyche,
          uniq_maurice
D:10:     cheibrodos_shockbox, layout_stronghold, kennysheep_orc_sif_temple
D:11:     layout_irregular_city, serial_shops, nicolae_square_shop,
          gammafunk_ghost_smash, uniq_harold
D:12:     layout_loops_corners
D:13:     layout_cave_pools, grunt_vaults_entry_fortified, serial_demonic,
          serial_demonic_c, serial_demonic_a, serial_demonic_c,
          serial_demonic_c, portal_ice_cave_entry_pillars_1, uniq_lodul
D:14:     minmay_shrinking_squares, layout_long_grid, corexii_corridor_pit
D:15:     hellmonk_depths_entry_around_the_bend, layout_irregular_city,
          nicolae_vehumet_altar_sigil, nicolae_titane, uniq_kirke
Temple:   compressed_dpeg_circular_temple
Lair:1:   wad_woods_structure_01, layout_regular_city, worms_lemuel
Lair:2:   layout_cave_pods, nicolae_snake_entry_squirm, kennysheep_rathole,
          lemuel_fruit_fields, infiniplex_staircase_pool
Lair:3:   layout_loops_ring, minmay_shoals_entry_lonely_mermaid
Lair:4:   layout_big_grid
Lair:5:   cheibrodos_lair_end_hotspot, layout_loops_ring,
          nicolae_slime_entry_field_trip
Shoals:1: layout_shoals, serial_shops,
          nicolae_shop_temple_entry_statues_fountains, nicolae_shop_trees,
          shop_statue, nicolae_shop_statue_plus, shop
Shoals:2: layout_shoals, nicolae_shoals_isolated_beach, uniq_ilsuiw,
          uniq_polyphemus
Shoals:3: layout_shoals
Shoals:4: shoals_end_hellmonk_storm_palace [storm_palace_center_ruins,
          storm_palace_corner_blocked, storm_palace_corner_pillars,
          storm_palace_corner_pillars, storm_palace_corner_altar]
Snake:1:  layout_misc_corridors, serial_shops, nicolae_diamond_shop,
          st_stairs_6, serial_library_regret_index_branch_corner, uniq_frances
Snake:2:  layout_onion_interference, basic_altar, serial_shops,
          nicolae_shop_gibbet_a_chance, nicolae_snake_snakes_in_the_grass,
          uniq_azrael
Snake:3:  layout_misc_corridors, uniq_mara, uniq_aizul
Snake:4:  hellmonk_snake_rune_quicksilver_temple, layout_layer_cave,
          basic_altar, gammafunk_ghost_grave, serial_shops, shop,
          nicolae_shop_rolling_square, shop, shop, grunt_megastairs_5
Orc:1:    layout_caves, uniq_nergalle
Orc:2:    pf_orc_diabolical, layout_diamond_mine, basic_altar, mines1_david
Elf:1:    nicolae_elf_arrival_aired_out, layout_geoelf_octagon, serial_shops,
          shop, nicolae_shop_rolling_square, nicolae_lakefront_shop,
          minmay_elf_sorcery, st_stairs_2, minivault_14, corexii_checkpoint,
          grunt_megastairs_3, uniq_agnes, uniq_nikola
Elf:2:    nicolae_elf_blades_crystal_corner, layout_onion_city, serial_glass,
          glass_columns_b, glass_columns_a, grunt_ministairs_13, pf_eden,
          uniq_norris
Elf:3:    grunt_elf_hall_branching, layout_onion_city,
          ebering_ghost_inner_flame, serial_shops, nicolae_shop_rolled_up,
          nicolae_gammafunk_elf_defective_weapons_storage
Vaults:1: nicolae_vaults_closet_pinwheel_3, ontoclasm_vaults_tryst,
          hangedman_vaults_slice, gammafunk_sealed_arena,
          nicolae_vaults_meiosis, ontoclasm_vaults_hangar,
          layout_vaults_omnigrid, nicolae_trove_entry_diagonal, uniq_saint_roka
Vaults:2: grunt_vaults_focal, nicolae_vaults_mitosis,
          grunt_vaults_hallway_short, serial_ice_h,
          minmay_crypt_entry_vampire_xt, hangedman_vaults_variations,
          nicolae_vaults_heist, nicolae_vaults_little_squares_5,
          grunt_vaults_twisty, v_misc_9, nicolae_vaults_stairing_the_circle,
          ontoclasm_vaults_twist, nicolae_vaults_variable_pillar_hall,
          vaults_room_semicircle, layout_vaults_ring, uniq_sojobo
Vaults:3: nicolae_vaults_alarming, ontoclasm_vaults_claustrophobia, v_misc_1,
          nicolae_vaults_diamond_2, nicolae_vaults_closet_pinwheel_5,
          st_octagons_2, nicolae_vaults_cornered_office,
          nicolae_vaults_surprise_closet, nicolae_vaults_stepped_doors,
          grunt_vaults_diagonal, nicolae_vaults_tetromino_T_1,
          layout_vaults_omnicross
Vaults:4: v_misc_5, vaults_room_stairs_pillars, nicolae_vaults_theta, v_misc_17,
          nicolae_vaults_ring_of_whatevers, grunt_vaults_funnel,
          nicolae_vaults_storage_room_statues, nicolae_vaults_wine_cellar,
          vaults_dpeg_diagonal, layout_vaults_big_room, serial_shops, shop
Vaults:5: uniq_boris, uniq_bai_suzhen
Crypt:1:  layout_basic, grunt_crypt_arrival_split, grunt_megastairs_2,
          uniq_frederick
Crypt:2:  layout_rooms, serial_library, serial_library_hellmonk_hallway_a,
          serial_library_hellmonk_filled_rooms,
          serial_library_regret_index_headful,
          serial_library_hellmonk_open_square,
          serial_library_hellmonk_open_square,
          serial_library_hellmonk_metal_room, serial_library_hellmonk_octagon,
          serial_library_hellmonk_open_square, serial_library_hellmonk_room_a,
          uniq_grunn
Crypt:3:  grunt_crypt_end_deaths_head
Depths:1: layout_gridlike, abyss_entry_flame_altar, grunt_hell_horde,
          dreamdust_wasp_nest
Depths:2: emtedronai_trogs_sanctum, layout_gridlike, enter_ziggurat_f,
          ebering_dispersal_statue_hall, abyss_entry, hell_entry,
          serial_co_window_serial, co_window_paths_a,
          co_window_of_opportunity_a, co_window_paths_b, co_window_paths_a,
          co_window_paths_b, co_window_of_opportunity_b, co_window_2corner,
          co_window_corner_b, co_window_2corner, co_window_2corner,
          co_window_of_opportunity_c, pan_entry, nicolae_burly_brawl,
          uniq_asterion
Depths:3: nzn_winding_woodlands_small [nzn_winding_woodlands_5x15_crooked,
          nzn_winding_woodlands_center_pierced_h,
          nzn_winding_woodlands_5x15_sawtooth], layout_gridlike, abyss_entry,
          pan_entry, hell_entry, minmay_shop_grove, infiniplex_staircase_trident
Depths:4: grunt_runaround [grunt_runaround_zot, grunt_runaround_doors_1,
          grunt_runaround_doors_2, grunt_runaround_doors_3,
          grunt_runaround_doors_4], hell_entry
Abyss:3:  base: D:10, base: Lair:1, base: D:6, minivault_25_ag,
          evilmike_abyss_exit_2, grunt_abyss_rune_forest_and_sorcery,
          grunt_abyss_rune_forest_and_sorcery, base: Tar:6, base: Zot:4, base:
          Dis:1, evilmike_abyss_exit_16, base: Tar:2,
          hangedman_abyss_lost_library, minivault_13,
          hangedman_abyss_or_decor_stagger,
          hangedman_abyss_rune_flesh_and_stone,
          hangedman_abyss_rune_flesh_and_stone,
          hangedman_abyss_rune_flesh_and_stone, doesnt_abyss_rune_brain_food,
          doesnt_abyss_rune_brain_food, hangedman_summoners_spam, minivault_27

Skill      XL: |  1  2  3  4  5  6  7  8  9 10 11 12 13 14 15 16 17 18 19 20 21 22 23 24 25 |
---------------+----------------------------------------------------------------------------+-----
Fighting       | 4 5 6 7 9 10 12 13 15 18 20 21 22 23 24 25 26 27 | 27.0
Armour         | 4 5 6 7 9 10 12 13 15 16 18 19 20 21 22 23 24 26 27 | 27.0
Shields        | 4 5 8 10 12 14 17 19 20 22 23 24 | 24.5
Axes           | 3 4 |  4.4
Throwing       | 1 3 4 6 7 9 10 12 13 14 15 16 | 16.8
Polearms       | 1 3 5 7 9 11 12 13 | 13.7
Dodging        | 1 2 8 11 14 15 | 15.8
Shapeshifting  | 3 5 7 8 9 |  9.3
Spellcasting   | 4 8 9 |  9.5
Evocations     | 4 10 | 10.5

Action                     |  1- 3 |  4- 6 |  7- 9 | 10-12 | 13-15 | 16-18 | 19-21 | 22-24 | 25-27 || total
---------------------------+-------+-------+-------+-------+-------+-------+-------+-------+-------++-------
  Melee: War axe           |    64 |    58 |       |       |       |       |       |       |       ||   122
         Headbutt          |     6 |    13 |    28 |    82 |   201 |   226 |   452 |   614 |   299 ||  1921
         Demon trident     |       |    58 |   177 |   416 |   978 |  1555 |   868 |       |       ||  4052
         Lance             |       |       |       |       |       |       |   921 |  2060 |  1161 ||  4142
  Throw: Throwing net      |       |       |     2 |     2 |     1 |       |       |       |       ||     5
         Javelin           |       |       |       |       |    33 |    79 |    40 |     3 |       ||   155
         Boomerang         |       |       |       |       |       |    27 |     9 |       |       ||    36
         Dart              |       |       |       |       |       |     6 |       |       |       ||     6
 Invoke: Call Merchant     |       |       |       |       |     2 |     1 |     1 |     2 |       ||     6
         Bribe Branch      |       |       |       |       |       |       |       |     1 |       ||     1
         Potion Petition   |       |       |       |       |       |       |       |       |    20 ||    20
Ability: End Transformatio |       |       |       |       |       |       |       |       |     2 ||     2
  Evoke: Wand              |       |       |       |       |     5 |       |       |       |     4 ||     9
         Phantom mirror    |       |       |       |       |       |       |     1 |       |       ||     1
         Box of beasts     |       |       |       |       |       |       |       |       |     1 ||     1
    Use: Potion            |     1 |       |       |     1 |     4 |    16 |     4 |     4 |    11 ||    41
         Scroll            |       |     4 |    12 |    11 |    12 |    19 |    21 |     5 |     3 ||    87
   Stab: Distracted        |       |       |     1 |     1 |     3 |     6 |    12 |    10 |    16 ||    49
         Held in net/web   |       |       |       |     1 |     2 |       |       |       |       ||     3
         Petrified         |       |       |       |       |     1 |       |       |     2 |       ||     3
 Armour: Scale mail        |    17 |       |       |       |       |       |       |       |       ||    17
         Chain mail        |    23 |    81 |   100 |    75 |       |       |       |       |       ||   279
         Plate armour      |       |       |       |   154 |   315 |   785 |   571 |   497 |   212 ||  2534
         Crystal plate arm |       |       |       |       |   194 |       |       |       |       ||   194
         Skin              |       |       |       |       |       |       |       |       |    11 ||    11
  Dodge: Dodged            |    24 |    38 |    53 |    85 |   236 |   209 |    89 |   118 |    61 ||   913
  Block: Buckler           |    17 |    26 |     4 |       |       |       |       |       |       ||    47
         Kite shield       |       |       |       |       |     4 |  1174 |  1307 |  1489 |   787 ||  4761
         Reflection        |       |       |       |       |       |       |    36 |    88 |    23 ||   147
